| TOP OF THE 1ST |
|
Shreveport Braves batting - Pitching for Amarillo Gold Sox : RHP Larry Kuhn
|
|
Pitching: RHP Larry Kuhn
|
|
|
Batting: RHB Alvin White
|
0-0: Called Strike 0-1: Ball 1-1: Ball 2-1: Fly out, F8 (Flyball, 78XD, EV 99.4 MPH)
|
|
Batting: SHB Michael Lessard
|
0-0: Ground out 4-3 (Groundball, 4, EV 99.4 MPH)
|
|
Batting: LHB Rusty McNealy
|
0-0: Ball 1-0: Called Strike 1-1: Foul Ball, location: 2F 1-2: Ground out 6-3 (Groundball, 56D, EV 85.0 MPH)
|
| Top of the 1st over - 0 runs, 0 hits, 0 errors, 0 left on base; Shreveport 0 - Amarillo 0 |
| BOTTOM OF THE 1ST |
|
Amarillo Gold Sox batting - Pitching for Shreveport Braves : RHP Dana Kiecker
|
|
Pitching: RHP Dana Kiecker
|
|
|
Batting: SHB Mike Felder
|
0-0: Ground out 5-3 (Groundball, 5, EV 81.9 MPH)
|
|
Batting: LHB Hector Arroyo
|
0-0: Foul Ball, location: 2F 0-1: Foul Ball, location: 2F 0-2: Ball 1-2: Ball 2-2: Fly out, F7 (Flyball, 7LS, EV 84.4 MPH)
|
|
Batting: LHB Louie Meadows
|
0-0: Fly out, F7 (Flyball, 7LS, EV 90.0 MPH)
|
| Bottom of the 1st over - 0 runs, 0 hits, 0 errors, 0 left on base; Shreveport 0 - Amarillo 0 |
| TOP OF THE 2ND |
|
Shreveport Braves batting - Pitching for Amarillo Gold Sox : RHP Larry Kuhn
|
|
Batting: LHB Tracy Dophied
|
0-0: Called Strike 0-1: Ball 1-1: Fly out, F9 (Line Drive, 9, EV 98.8 MPH)
|
|
Batting: RHB Thomas Popovich
|
0-0: Called Strike 0-1: Foul Ball, location: 2F 0-2: Fly out, F6 (Line Drive, 6, EV 68.8 MPH)
|
|
Batting: RHB Scott Ullger
|
0-0: Fly out, F8 (Line Drive, 8RM, EV 90.0 MPH)
|
| Top of the 2nd over - 0 runs, 0 hits, 0 errors, 0 left on base; Shreveport 0 - Amarillo 0 |
| BOTTOM OF THE 2ND |
|
Amarillo Gold Sox batting - Pitching for Shreveport Braves : RHP Dana Kiecker
|
|
Batting: RHB Bill Pecota
|
0-0: Ball 1-0: Ball 2-0: Ball 3-0: Called Strike 3-1: Base on Balls
|
|
Batting: RHB Dan Henry
|
0-0: Ball 1-0: Called Strike 1-1: Ball 2-1: Foul Ball, location: 2F 2-2: Strikes out swinging
|
|
Batting: LHB Russ Laribee
|
0-0: Ball 1-0: Foul Ball, location: 2F 1-1: Called Strike 1-2: Foul Ball, location: 2F 1-2: Foul Ball, location: 2F 1-2: Ball 2-2: Strikes out swinging
|
|
Batting: RHB Andrew Barbee
|
0-0: Ball 1-0: Ball 2-0: Called Strike 2-1: Ball 3-1: Swinging Strike 3-2: Foul Ball, location: 2F 3-2: Base on Balls Bill Pecota to second
|
|
Batting: RHB Vic Alvarado
|
0-0: Ball 1-0: Ball 2-0: Called Strike 2-1: Ball 3-1: Fly out, F9 (Flyball, 9S, EV 92.5 MPH)
|
| Bottom of the 2nd over - 0 runs, 0 hits, 0 errors, 2 left on base; Shreveport 0 - Amarillo 0 |
| TOP OF THE 3RD |
|
Shreveport Braves batting - Pitching for Amarillo Gold Sox : RHP Larry Kuhn
|
|
Batting: RHB Therron Harper
|
0-0: Ball 1-0: Swinging Strike 1-1: Called Strike 1-2: Fly out, F8 (Line Drive, 8RD, EV 105.0 MPH)
|
|
Batting: RHB Jeff Matthews
|
0-0: Called Strike 0-1: Swinging Strike 0-2: Ball 1-2: Strikes out swinging
|
|
Batting: RHB Dave Buffamoyer
|
0-0: Ball 1-0: Ball 2-0: Ball 3-0: Base on Balls
|
|
Batting: RHB Alvin White
|
0-0: Called Strike 0-1: Ball 1-1: Foul Ball, location: 2F 1-2: Ball 2-2: Ball 3-2: Strikes out swinging
|
| Top of the 3rd over - 0 runs, 0 hits, 0 errors, 1 left on base; Shreveport 0 - Amarillo 0 |
| BOTTOM OF THE 3RD |
|
Amarillo Gold Sox batting - Pitching for Shreveport Braves : RHP Dana Kiecker
|
|
Batting: RHB Chino Cadahia
|
0-0: Called Strike 0-1: Ball 1-1: Ball 2-1: Ball 3-1: Base on Balls
|
|
Batting: SHB Mike Felder
|
0-0: Ball 1-0: Ball 2-0: Grounds into double play, 4-6-3 (Groundball, 4, EV 81.9 MPH)
|
|
Batting: LHB Hector Arroyo
|
0-0: Ball 1-0: Foul Ball, location: 2F 1-1: Ball 2-1: Ground out 1-3 (Groundball, 34S, EV 60.6 MPH)
|
| Bottom of the 3rd over - 0 runs, 0 hits, 0 errors, 0 left on base; Shreveport 0 - Amarillo 0 |
| TOP OF THE 4TH |
|
Shreveport Braves batting - Pitching for Amarillo Gold Sox : RHP Larry Kuhn
|
|
Batting: SHB Michael Lessard
|
0-0: Called Strike 0-1: Ball 1-1: Foul Ball, location: 2F 1-2: Ball 2-2: Ball 3-2: SINGLE (Line Drive, 6D, EV 111.3 MPH)
|
|
Batting: LHB Rusty McNealy
|
0-0: DOUBLE (Line Drive, 8RXD, EV 102.5 MPH) Michael Lessard to third Runner from 3rd tries for Home, SAFE, throw by CF to trailing runner, OUT at third! 8-3-5
|
|
Batting: LHB Tracy Dophied
|
0-0: Called Strike 0-1: Swinging Strike 0-2: Fly out, F7 (Line Drive, 7, EV 84.4 MPH)
|
|
Batting: RHB Thomas Popovich
|
0-0: Fly out, F3 (Popup, 3D, EV 72.5 MPH)
|
| Top of the 4th over - 1 run, 2 hits, 0 errors, 0 left on base; Shreveport 1 - Amarillo 0 |
| BOTTOM OF THE 4TH |
|
Amarillo Gold Sox batting - Pitching for Shreveport Braves : RHP Dana Kiecker
|
|
Batting: LHB Louie Meadows
|
0-0: Ball 1-0: Ball 2-0: Ball 3-0: Base on Balls
|
|
Batting: RHB Bill Pecota
|
0-0: Called Strike 0-1: Ball 1-1: Foul Ball, location: 2F 1-2: Fielders Choice at 2nd, 5-4 (Groundball, 56, EV 85.0 MPH)
|
|
Batting: RHB Dan Henry
|
0-0: Ball 1-0: Called Strike 1-1: Ball 2-1: Ball 3-1: SINGLE (Groundball, 56D, EV 107.5 MPH) Bill Pecota to second
|
|
Batting: LHB Russ Laribee
|
0-0: Called Strike 0-1: Foul Ball, location: 2F 0-2: Fly out, F2 (Popup, 5SF, EV 83.1 MPH)
|
|
Batting: RHB Andrew Barbee
|
0-0: Ball 1-0: Swinging Strike 1-1: Ball 2-1: Foul Ball, location: 2F 2-2: Strikes out swinging
|
| Bottom of the 4th over - 0 runs, 1 hit, 0 errors, 2 left on base; Shreveport 1 - Amarillo 0 |
| TOP OF THE 5TH |
|
Shreveport Braves batting - Pitching for Amarillo Gold Sox : RHP Larry Kuhn
|
|
Batting: RHB Scott Ullger
|
0-0: Foul Ball, location: 2F 0-1: Ball 1-1: Ball 2-1: Ball 3-1: Fly out, F4 (Popup, 4, EV 56.9 MPH)
|
|
Batting: RHB Therron Harper
|
0-0: Ball 1-0: SINGLE (Line Drive, 89S, EV 91.3 MPH)
|
|
Batting: RHB Jeff Matthews
|
0-0: SINGLE (Groundball, 23, EV 66.3 MPH) (infield hit) Therron Harper to second
|
|
Batting: RHB Dave Buffamoyer
|
0-0: Ball 1-0: Fielders Choice at 3rd, U5 (Groundball, 5L, EV 90.0 MPH) Jeff Matthews to second
|
|
Batting: RHB Alvin White
|
0-0: Foul Ball, location: 2F 0-1: Swinging Strike 0-2: Strikes out swinging
|
| Top of the 5th over - 0 runs, 2 hits, 0 errors, 2 left on base; Shreveport 1 - Amarillo 0 |
| BOTTOM OF THE 5TH |
|
Amarillo Gold Sox batting - Pitching for Shreveport Braves : RHP Dana Kiecker
|
|
Batting: RHB Vic Alvarado
|
0-0: Ball 1-0: Ball 2-0: Ball 3-0: Called Strike 3-1: Swinging Strike 3-2: Foul Ball, location: 2F 3-2: Base on Balls
|
|
Batting: RHB Chino Cadahia
|
0-0: Ball 1-0: Ball 2-0: SINGLE (Groundball, 6MD, EV 103.8 MPH) Vic Alvarado to second
|
|
Batting: SHB Mike Felder
|
0-0: Fielders Choice at 2nd, 3-6 (Groundball, 3, EV 84.4 MPH) Vic Alvarado to third
|
|
Batting: LHB Hector Arroyo
|
0-0: DOUBLE (Flyball, 5D, EV 95.0 MPH) Vic Alvarado scores Mike Felder to third Runner from 3rd tries for Home, SAFE, throw by LF to home
|
|
Batting: LHB Louie Meadows
|
0-0: Called Strike 0-1: Foul Ball, location: 2F 0-2: Ball 1-2: Strikes out looking
|
|
Batting: RHB Bill Pecota
|
0-0: Ground out 5-3 (Groundball, 56S, EV 84.4 MPH)
|
| Bottom of the 5th over - 2 runs, 2 hits, 0 errors, 1 left on base; Shreveport 1 - Amarillo 2 |
| TOP OF THE 6TH |
|
Shreveport Braves batting - Pitching for Amarillo Gold Sox : RHP Larry Kuhn
|
|
Batting: SHB Michael Lessard
|
0-0: Ball 1-0: Ground out 6-3 (Groundball, 6, EV 100.0 MPH)
|
|
Batting: LHB Rusty McNealy
|
0-0: Called Strike 0-1: Ball 1-1: Fly out, F9 (Line Drive, 9, EV 92.5 MPH)
|
|
Batting: LHB Tracy Dophied
|
0-0: Ball 1-0: Ground out 6-3 (Groundball, 6M, EV 105.0 MPH)
|
| Top of the 6th over - 0 runs, 0 hits, 0 errors, 0 left on base; Shreveport 1 - Amarillo 2 |
| BOTTOM OF THE 6TH |
|
Amarillo Gold Sox batting - Pitching for Shreveport Braves : RHP Dana Kiecker
|
|
Batting: RHB Dan Henry
|
0-0: Ball 1-0: Ball 2-0: Ball 3-0: Called Strike 3-1: Swinging Strike 3-2: SINGLE (Line Drive, 3D, EV 99.4 MPH)
|
|
Batting: LHB Russ Laribee
|
0-0: Ball 1-0: Foul Ball, location: 2F 1-1: Foul Ball, location: 2F 1-2: Ball 2-2: Ball 3-2: Foul Ball, location: 2F 3-2: Base on Balls Dan Henry to second
|
|
Batting: RHB Andrew Barbee
|
0-0: Ball 1-0: Swinging Strike 1-1: Ball 2-1: Foul Ball, location: 2F 2-2: Strikes out swinging
|
|
Batting: RHB Vic Alvarado
|
0-0: Ball 1-0: DOUBLE (Line Drive, 7LM, EV 102.5 MPH) Dan Henry scores Russ Laribee to third Runner from 3rd tries for Home, throw by LF and OUT! 7-6-2 Vic Alvarado to third
|
|
Batting: RHB Chino Cadahia
|
0-0: Foul Ball, location: 2F 0-1: Ball 1-1: Called Strike 1-2: Foul Ball, location: 2F 1-2: Ball 2-2: Foul Ball, location: 2F 2-2: Fly out, F8 (Flyball, 8RXD, EV 90.6 MPH)
|
| Bottom of the 6th over - 1 run, 2 hits, 0 errors, 1 left on base; Shreveport 1 - Amarillo 3 |
| TOP OF THE 7TH |
|
Shreveport Braves batting - Pitching for Amarillo Gold Sox : RHP Larry Kuhn
|
|
Batting: RHB Thomas Popovich
|
0-0: Foul Ball, location: 2F 0-1: Swinging Strike 0-2: Strikes out swinging
|
|
Batting: RHB Scott Ullger
|
0-0: SINGLE (Groundball, 4MD, EV 97.5 MPH)
|
|
Batting: RHB Therron Harper
|
0-0: Fly out, F9 (Flyball, 9D, EV 104.4 MPH)
|
|
Batting: RHB Jeff Matthews
|
0-0: Called Strike 0-1: Called Strike 0-2: Foul Ball, location: 2F 0-2: Ball 1-2: Ball 2-2: Strikes out swinging
|
| Top of the 7th over - 0 runs, 1 hit, 0 errors, 1 left on base; Shreveport 1 - Amarillo 3 |
| BOTTOM OF THE 7TH |
|
Amarillo Gold Sox batting - Pitching for Shreveport Braves : RHP Dana Kiecker
|
|
Batting: SHB Mike Felder
|
0-0: Ball 1-0: Swinging Strike 1-1: Called Strike 1-2: SINGLE (Line Drive, 78S, EV 105.0 MPH)
|
|
Batting: LHB Hector Arroyo
|
0-0: Ball Mike Felder steals 2nd base 1-0: Ball 2-0: Ball 3-0: Base on Balls
|
|
Batting: LHB Louie Meadows
|
0-0: Ball 1-0: Swinging Strike 1-1: Ball 2-1: Swinging Strike 2-2: Ball 3-2: Base on Balls Mike Felder to third Hector Arroyo to second
|
|
Batting: RHB Bill Pecota
|
0-0: Called Strike 0-1: Ball 1-1: Grounds into fielders choice 3-2 (Groundball, 3, EV 90.0 MPH) Hector Arroyo to third Louie Meadows to second
|
|
Batting: RHB Dan Henry
|
0-0: Called Strike 0-1: Ball 1-1: Ball 2-1: Fly out, F8 (Line Drive, 8LD, EV 105.0 MPH) Runner from 3rd tags up, SCORES, no throw by CF
|
|
Batting: LHB Russ Laribee
|
0-0: SINGLE (Line Drive, 89S, EV 97.5 MPH) Louie Meadows to third Bill Pecota to second Runner from 3rd tries for Home, SAFE, throw by RF to home
|
|
Pitching: RHP Cecilio Guante
|
|
|
Batting: RHB Andrew Barbee
|
0-0: Called Strike 0-1: Called Strike 0-2: Fly out, F9 (Flyball, 89S, EV 87.5 MPH)
|
| Bottom of the 7th over - 2 runs, 2 hits, 0 errors, 2 left on base; Shreveport 1 - Amarillo 5 |
| TOP OF THE 8TH |
|
Shreveport Braves batting - Pitching for Amarillo Gold Sox : RHP Larry Kuhn
|
|
Batting: RHB Dave Buffamoyer
|
0-0: Ball 1-0: Foul Ball, location: 2F 1-1: Ground out 6-3 (Groundball, 6M, EV 102.5 MPH)
|
|
Batting: RHB Alvin White
|
0-0: Called Strike 0-1: Called Strike 0-2: Strikes out looking
|
|
Batting: SHB Michael Lessard
|
0-0: Ball 1-0: Called Strike 1-1: Ball 2-1: Ball 3-1: Called Strike 3-2: Foul Ball, location: 2F 3-2: Base on Balls
|
|
Batting: LHB Rusty McNealy
|
0-0: Foul Ball, location: 2F 0-1: Ball 1-1: Foul Ball, location: 2F 1-2: Ball 2-2: Ball 3-2: Foul Ball, location: 2F 3-2: Foul Ball, location: 2F 3-2: DOUBLE (Flyball, 89D, EV 113.1 MPH) Michael Lessard to third Michael Lessard scores
|
|
Pitching: RHP Bob Tewksbury
|
|
|
Batting: LHB Tracy Dophied
|
0-0: Ball 1-0: Called Strike 1-1: Foul Ball, location: 2F 1-2: Ball 2-2: Ball 3-2: Foul Ball, location: 2F 3-2: Strikes out swinging
|
| Top of the 8th over - 1 run, 1 hit, 0 errors, 1 left on base; Shreveport 2 - Amarillo 5 |
| BOTTOM OF THE 8TH |
|
Amarillo Gold Sox batting - Pitching for Shreveport Braves : RHP Cecilio Guante
|
|
Batting: RHB Vic Alvarado
|
0-0: Fly out, F8 (Flyball, 8RD, EV 96.3 MPH)
|
|
Batting: RHB Chino Cadahia
|
0-0: Ball 1-0: Ball 2-0: Called Strike 2-1: Ball 3-1: SINGLE (Groundball, 34D, EV 101.3 MPH)
|
|
Batting: SHB Mike Felder
|
0-0: Ball 1-0: Ball 2-0: Called Strike 2-1: Foul Ball, location: 2F 2-2: Ball 3-2: Foul Ball, location: 2F 3-2: Ground out 4-3 (Groundball, 4, EV 99.4 MPH) Chino Cadahia to second
|
|
Batting: LHB Hector Arroyo
|
0-0: Called Strike 0-1: Ball 1-1: Ground out U3 (Groundball, 3, EV 108.8 MPH)
|
| Bottom of the 8th over - 0 runs, 1 hit, 0 errors, 1 left on base; Shreveport 2 - Amarillo 5 |
| TOP OF THE 9TH |
|
Shreveport Braves batting - Pitching for Amarillo Gold Sox : RHP Bob Tewksbury
|
|
Batting: RHB Thomas Popovich
|
0-0: Called Strike 0-1: Foul Ball, location: 2F 0-2: Fly out, F7 (Flyball, 7LM, EV 98.1 MPH)
|
|
Batting: RHB Scott Ullger
|
0-0: Ball 1-0: Ground out 6-3 (Groundball, 56, EV 85.0 MPH)
|
|
Batting: RHB Therron Harper
|
0-0: Foul Ball, location: 2F 0-1: Ground out 5-3 (Groundball, 56, EV 112.5 MPH)
|
| Top of the 9th over - 0 runs, 0 hits, 0 errors, 0 left on base; Shreveport 2 - Amarillo 5 |
|